 Dungeon Crawl Stone Soup version 0.22-a0-204-g464ede7bef (webtiles) character file.

1579 RedPan the Slasher (level 8, -7/60 HPs)
             Began as a Demonspawn Gladiator on Feb 18, 2018.
             Was a Priest of Cheibriados.
             Mangled by Xeen's ghost (17 damage)
             ... on level 6 of the Dungeon.
             The game lasted 00:11:16 (5018 turns).

RedPan the Slasher (Demonspawn Gladiator)           Turns: 5018, Time: 00:11:16

Health: -7/60      AC: 17    Str: 22    XL:     8   Next: 60%
Magic:  0/8        EV:  9    Int: 17    God:    Cheibriados [***...]
Gold:   415        SH:  5    Dex: 20    Spells: 7/7 levels left

rFire    . . .     SeeInvis .   a - +2 long sword
rCold    . . .     Gourm    .   b - +0 buckler
rNeg     . . .     Faith    .   n - +0 plate armour
rPois    .         Spirit   +   (helmet restricted)
rElec    .         Reflect  .   i - +0 cloak
rCorr    .         Harm     .   (no gloves)
MR       .....                  o - +0 pair of boots
Stlth    ..........             (no amulet)
HPRegen  0.20/turn              (no ring)
MPRegen  0.22/turn              k - ring of flight

@: glowing, very slow
A: antennae 2, rugged brown scales 2, magic shield, magic regeneration
a: Bend Time, Temporal Distortion, Renounce Religion, Evoke Flight


You were on level 6 of the Dungeon.
You worshipped Cheibriados.
Cheibriados was most pleased with you.
You were not hungry.

You visited 1 branch of the dungeon, and saw 6 of its levels.

You collected 415 gold pieces.

Inventory:

Hand Weapons
 a - a +2 long sword (weapon)
 w - a +1 war axe of chopping
Missiles
 d - 3 throwing nets (quivered)
Armour
 b - a +0 buckler (worn)
 c - a +1 helmet
 i - a +0 cloak (worn)
 n - a +0 plate armour (worn)
 o - a +0 pair of boots (worn)
 r - a +0 shield
 s - a +0 chain mail
 u - a +0 large shield
Jewellery
 k - a ring of flight (right hand)
Wands
 p - a wand of flame (25)
Scrolls
 e - 2 scrolls of enchant armour
 g - a scroll of blinking
 q - 3 scrolls of identify
Potions
 h - 3 potions of flight
 j - 4 potions of curing
 l - 3 potions of brilliance
 m - a potion of mutation
 v - a potion of lignification {unknown}
Comestibles
 f - 7 rations


   Skills:
 - Level 3.2 Fighting
 + Level 6.1 Long Blades
 - Level 1.7 Throwing
 + Level 5.5 Armour
 + Level 5.5 Dodging
 * Level 2.1 Shields


You had 7 spell levels left.
You didn't know any spells.

Dungeon Overview and Level Annotations

Branches:
Dungeon (6/15)
 Temple: D:4-7

Altars:
Cheibriados
Qazlal
Trog
The Shining One

Annotations:
D:6 Xeen's ghost, novice SpEn


Innate Abilities, Weirdness & Mutations

You have a pair of antennae on your head.
You are mostly covered in rugged brown scales. (AC +2, +5% HP)
When hurt, damage is shared between your health and your magic reserves.
You regenerate magic rapidly.


Message History

Xeen's ghost wails, "They lied to you.
The Dungeon just goes down and down forever."
Xeen's ghost hits you but does no damage.
You are electrocuted!
* * * LOW HITPOINT WARNING * * *
You feel better.
Xeen's ghost hits you but does no damage.
Okay, then.
You closely miss Xeen's ghost.
Xeen's ghost hits you but does no damage.
You are electrocuted!
* * * LOW HITPOINT WARNING * * *
You hit Xeen's ghost.
Xeen's ghost is lightly damaged.
Xeen's ghost hits you.
* * * LOW HITPOINT WARNING * * *
Your plate armour prevents you from hitting Xeen's ghost.
Xeen's ghost is lightly damaged.
Xeen's ghost hits you but does no damage.
You are electrocuted!
You die...

#.#
..####.####
..........####
#.####.##....#
{ #.#####.####
#.# #.(..# #.#
####.# #.#
#.##### #.#
#.@Whh# ..
#####h# .h# {
.... .....
......>
.......
.......


You could see Xeen's ghost and 3 jackals.

Vanquished Creatures
  Pikel (D:5)
  Menkaure (D:4)
  A phantom (D:5)
  An ogre (D:6)
  3 howler monkeys
  A crimson imp (D:6)
  A quasit (D:6)
  A hound (D:5)
  A centaur skeleton (D:4)
  2 orc priests
  A jelly (D:5)
  4 orc wizards
  Natasha (D:2)
  A bullfrog skeleton (D:5)
  2 iguanas
  4 worker ants
  A killer bee zombie (D:6)
  A hound skeleton (D:6)
  6 adders
  2 adder skeletons (D:4)
  3 worms
  A dart slug (D:1)
  3 leopard geckos
  14 orcs
  5 bats (D:2)
  4 giant cockroaches
  4 goblins
  5 hobgoblins
  13 jackals
  2 kobolds
  A quokka (D:4)
  9 frilled lizards
  A giant cockroach zombie (D:6)
  10 rats
111 creatures vanquished.

Vanquished Creatures (others)
  A crimson imp (D:5)
1 creature vanquished.

Grand Total: 112 creatures vanquished

Notes
Turn   | Place    | Note
-------+----------+-------------------------------------------
     0 | D:1      | RedPan the Demonspawn Gladiator began the quest for the Orb.
     0 | D:1      | Reached XP level 1. HP: 16/16 MP: 1/1
    69 | D:1      | Reached skill level 3 in Long Blades
    95 | D:1      | Gained mutation: You are partially covered in rugged brown scales. (AC +1, +3% HP) [demonic ancestry]
    95 | D:1      | Reached XP level 2. HP: 16/22 MP: 2/2
   233 | D:1      | Found a snail-covered altar of Cheibriados.
   270 | D:1      | Became a worshipper of Cheibriados the Contemplative
   544 | D:1      | Gained mutation: When hurt, damage is shared between your health and your magic reserves. [demonic ancestry]
   544 | D:1      | Reached XP level 3. HP: 28/28 MP: 3/3
  1062 | D:2      | Noticed Natasha
  1298 | D:2      | Found a glowing golden altar of the Shining One.
  1425 | D:2      | Killed Natasha
  1425 | D:2      | Reached XP level 4. HP: 32/35 MP: 2/4
  1521 | D:2      | Reached * piety under Cheibriados
  1769 | D:2      | Reached skill level 4 in Long Blades
  1978 | D:3      | Gained mutation: You have a pair of small antennae on your head. [demonic ancestry]
  1978 | D:3      | Reached XP level 5. HP: 28/42 MP: 3/5
  2431 | D:3      | Found a bloodstained altar of Trog.
  2597 | D:4      | Reached skill level 1 in Armour
  2658 | D:4      | Gained mutation: You are mostly covered in rugged brown scales. (AC +2, +5% HP) [demonic ancestry]
  2658 | D:4      | Reached XP level 6. HP: 31/49 MP: 3/6
  2827 | D:4      | Reached ** piety under Cheibriados
  3536 | D:4      | Reached skill level 5 in Long Blades
  3536 | D:4      | Gained mutation: You regenerate magic rapidly. [demonic ancestry]
  3536 | D:4      | Reached XP level 7. HP: 46/54 MP: 5/7
  3668 | D:4      | Noticed Menkaure
  3679 | D:4      | Killed Menkaure
  3770 | D:5      | Entered Level 5 of the Dungeon
  3982 | D:5      | Noticed Pikel
  4002 | D:5      | Killed Pikel
  4002 | D:5      | Reached skill level 5 in Armour
  4002 | D:5      | Reached skill level 5 in Dodging
  4002 | D:5      | Gained mutation: You have a pair of antennae on your head. [demonic ancestry]
  4002 | D:5      | Reached XP level 8. HP: 41/60 MP: 5/8
  4447 | D:5      | Found a stormy altar of Qazlal.
  4583 | D:6      | Reached skill level 1 in Shields
  4586 | D:6      | Reached skill level 6 in Long Blades
  4908 | D:6      | Reached *** piety under Cheibriados
  4985 | D:6      | Noticed Xeen's ghost (novice SpEn)
  5018 | D:6      | Mangled by Xeen's ghost

Vault maps used:
D:1:      tarquinn_simple_flora_water_d, cheibriados_altar_1
D:2:      lemuel_doored_altar, uniq_natasha
D:3:      bloody_trog
D:4:      first_ration, patterned_corridor, uniq_menkaure
D:5:      basic_altar, corexii_corridor_pit, uniq_pikel
D:6:      serial_shops, shop

Skill      XL: |  1  2  3  4  5  6  7  8 |
---------------+-------------------------+-----
Long Blades    | 3 4 5 6 |  6.1
Dodging        | 3 4 5 |  5.5
Fighting       | 3 |  3.2
Armour         | 1 3 5 |  5.5
Shields        | 2 |  2.1
Throwing       | |  1.7

Action                   |  1- 3 |  4- 6 |  7- 9 || total
-------------------------+-------+-------+-------++-------
Melee: Long sword        |    98 |   148 |   148 ||   394
Invok: Bend Time         |       |       |     1 ||     1
  Use: Scroll            |       |    11 |     3 ||    14
       Potion            |       |     2 |     1 ||     3
 Stab: Sleeping          |     1 |     1 |       ||     2
  Eat: Chunk             |     1 |     5 |       ||     6
       Ration            |       |       |     1 ||     1
Armor: Leather armour    |    27 |    16 |       ||    43
       Plate armour      |       |    68 |   109 ||   177
Dodge: Dodged            |    84 |    82 |    70 ||   236
Block: Buckler           |       |       |    22 ||    22
       Rpst.: Long sword |    31 |    23 |    16 ||    70

Table legend:
 A = Spawn XP
 B = Non-spawn XP
 C = Spawn XP percentage of total XP
 D = Spawn monster count
 E = Non-spawn monster count
 F = Spawn count percentage of total count
 G = Total turns spent on level
                    A         B        C        D         E        F      G
               +---------+---------+-------+---------+---------+-------+---------
         Total |       0 |    2257 |   0.0 |       0 |     111 |   0.0 |  5018
               +---------+---------+-------+---------+---------+-------+---------
           D:1 |       0 |      43 |   0.0 |       0 |      25 |   0.0 |   735
           D:2 |       0 |     108 |   0.0 |       0 |      20 |   0.0 |  1088
           D:3 |       0 |     132 |   0.0 |       0 |      18 |   0.0 |   718
           D:4 |       0 |     634 |   0.0 |       0 |      28 |   0.0 |  1229
           D:5 |       0 |     943 |   0.0 |       0 |       8 |   0.0 |   804
           D:6 |       0 |     397 |   0.0 |       0 |      12 |   0.0 |   444
               +---------+---------+-------+---------+---------+-------+---------
